 Dungeon Sprint DCSS version 0.29-a0-384-g6960b1960d (webtiles) character file.

Game seed: 17284152861501536500

2224 mhtbhm the Cleaver (level 9, -11/139 HPs)
             Began as a White Draconian Berserker on May 7, 2022.
             Was a High Priest of Trog.
             Mangled by a merfolk impaler
             ... wielding a +1 trident of protection
              (13 damage)
             ... in the Dungeon (Sprint VII: "The Pits").
             The game lasted 00:02:40 (1119 turns).

mhtbhm the Cleaver (White Draconian Berserker)      Turns: 1119, Time: 00:02:41

Health: -11/139    AC: 11    Str: 26    XL:     9   Next: 13%
Magic:  9/9        EV: 18    Int:  8    God:    Trog [*****.]
Gold:   0          SH:  0    Dex: 11    Spells: 8/8 levels left

rFire   . . .      SeeInvis .   a - +5 war axe
rCold   + . .      Faith    .   (no shield)
rNeg    . . .      Spirit   .   (body armour unavailable)
rPois   .          Reflect  .   (helmet restricted)
rElec   .          Harm     .   k - +2 cloak {Will+}
rCorr   .          Rampage  .   (no gloves)
Will    +....      NoTele   +   s - +0 pair of boots
Stlth   ..........              (no amulet)
HPRegen 0.33/turn               n - +3 ring of strength
MPRegen 0.11/turn               o - +3 ring of evasion

@: berserking (expiring), short of breath, hasted (expiring), very quick
A: breathe frost, AC +7, unfitting armour, cold resistance 1, cold-blooded
a: Breathe Frost, Renounce Religion, Berserk, Trog's Hand, Brothers in Arms


You were in the Dungeon.
You worshipped Trog.
Trog was extremely pleased with you.
You visited 1 branch

Inventory:

Hand Weapons
 a - a +5 war axe (weapon)
Missiles
 j - 2 poisoned darts
 m - a curare-tipped dart (quivered)
Armour
 k - a +2 cloak of willpower (worn)
 s - a +0 pair of boots (worn)
Jewellery
 n - a +3 ring of strength (left hand)
 o - a +3 ring of evasion (right hand)
Potions
 b - 7 potions of curing
 c - 8 potions of heal wounds
 e - 4 potions of magic
 f - 3 potions of berserk rage
 h - 2 potions of invisibility
 l - a potion of attraction {unknown}
 p - a potion of might
 q - a potion of resistance
 r - a potion of mutation


   Skills:
 + Level 13.0 Fighting
 + Level 13.8 Axes
 + Level 10.2 Dodging
 + Level 2.4 Stealth


You had 8 spell levels left.
You didn't know any spells.
Your spell library was empty.

Dungeon Overview and Level Annotations

Branches:
Dungeon (1/1)

Altars:
Cheibriados
Dithmenos
Elyvilon
Fedhas
Gozag
Hepliaklqana
Makhleb
Nemelex Xobeh
Okawaru
Qazlal
Ru
Sif Muna
Trog
Vehumet
Wu Jian
Xom
Yredelemnul
Zin
The Shining One
Beogh
Jiyva
Lugonu


Innate Abilities, Weirdness & Mutations

You can breathe waves of freezing cold which knock back foes.
Your icy white scales are hard. (AC +7)
You cannot fit into any form of body armour.
Your flesh is cold resistant. (rC+)
You are cold-blooded and may be slowed by cold attacks.


Message History

The merfolk impaler is heavily wounded.
The merfolk impaler hits you with a +1 trident of protection!
The merfolk closely misses you.
You hit the merfolk impaler. You tail-slap the merfolk impaler!
You punch the merfolk impaler, but do no damage.
The merfolk impaler is heavily wounded.
The merfolk impaler hits you with a +1 trident of protection!
You miss the merfolk impaler.
The merfolk impaler is heavily wounded.
The merfolk misses you.
The merfolk impaler hits you with a +1 trident of protection!!
You miss the merfolk impaler.
The merfolk impaler is heavily wounded.
The merfolk hits you from afar with a +0 trident!
* * * LOW HITPOINT WARNING * * *
The merfolk impaler barely misses you.
You miss the merfolk impaler.
The merfolk impaler is heavily wounded.
The merfolk hits you from afar with a +0 trident!
* * * LOW HITPOINT WARNING * * *
The merfolk impaler misses you. The merfolk barely misses you.
You hit the merfolk impaler but do no damage.
Your tail-slap misses the merfolk impaler.
The merfolk impaler is heavily wounded.
The merfolk impaler closely misses you.
The merfolk hits you from afar with a +0 trident!
* * * LOW HITPOINT WARNING * * *
You slash the merfolk impaler!
Your tail-slap misses the merfolk impaler.
The merfolk impaler is severely wounded.
The merfolk hits you from afar with a +0 trident!
* * * LOW HITPOINT WARNING * * *
The merfolk impaler hits you with a +1 trident of protection.
* * * LOW HITPOINT WARNING * * *
You slash the merfolk impaler!
Your tail-slap misses the merfolk impaler.
The merfolk impaler is almost dead.
Your extra speed is starting to run out.
The merfolk impaler hits you with a +1 trident of protection!
You die...

########## ________.#
________.#
______...###########
##########'##.........
#.?(.')))'.##......#..
##########.##.........
#....@mm....)m........
#'#####m#####......#..
#.#...#.#[[##.........
#.#..)#.#))#####'#####
#.#...'.#))##.......#
#.##†####))##.......#
#.#.....#..##.......#
#.#.....#'###...<...#
#.#........##.......#


You could see a merfolk impaler and 2 merfolk.

Vanquished Creatures
  A molten gargoyle (D)
  A komodo dragon (D)
  A kobold demonologist (D)
  An unseen horror (D)
  A merfolk (D)
  A wandering mushroom (D)
  Sigmund (D)
  2 floating eyes (D)
  An ogre (D)
  2 kobold brigands (D)
  2 jellies (D)
  An orc priest (D)
  Crazy Yiuf (D)
  3 river rats (D)
  A white imp (D)
  2 ufetubi (D)
  2 orcs (D)
  2 goblins (D)
  A ball python (D)
  A ball python zombie (D)
  2 bats (D)
  A bat simulacrum (D)
31 creatures vanquished.

Notes
Turn   | Place    | Note
-------+----------+-------------------------------------------
     0 | D        | mhtbhm the Draconian Berserker began the quest for the Orb.
     0 | D        | Reached XP level 1. HP: 19/19 MP: 1/1
    24 | D        | Found a bloodstained altar of Trog.
    24 | D        | Found a shimmering blue altar of Sif Muna.
    24 | D        | Found a viscous altar of Jiyva.
    24 | D        | Found a hazy altar of Hepliaklqana.
    24 | D        | Found an opulent altar of Gozag.
    65 | D        | Reached ** piety under Trog
    66 | D        | Reached XP level 2. HP: 28/28 MP: 2/2
   114 | D        | Noticed a floating eye
   117 | D        | Paralysed by a floating eye for 4 turns
   122 | D        | Killed a floating eye
   123 | D        | Reached skill level 5 in Dodging
   123 | D        | Reached XP level 3. HP: 38/38 MP: 3/3
   123 | D        | Reached XP level 4. HP: 45/45 MP: 4/4
   228 | D        | Reached *** piety under Trog
   235 | D        | Reached XP level 5. HP: 49/52 MP: 5/5
   273 | D        | Found a glowing golden altar of the Shining One.
   273 | D        | Found a glowing silver altar of Zin.
   273 | D        | Found a basalt altar of Yredelemnul.
   273 | D        | Found a shimmering altar of Xom.
   273 | D        | Found an ornate altar of the Wu Jian Council.
   273 | D        | Found a sacrificial altar of Ru.
   273 | D        | Found a stormy altar of Qazlal.
   273 | D        | Found an iron altar of Okawaru.
   273 | D        | Found a sparkling altar of Nemelex Xobeh.
   273 | D        | Found a burning altar of Makhleb.
   273 | D        | Found a blossoming altar of Fedhas.
   273 | D        | Found a white marble altar of Elyvilon.
   273 | D        | Found a shadowy altar of Dithmenos.
   273 | D        | Found a snail-covered altar of Cheibriados.
   302 | D        | Reached **** piety under Trog
   312 | D        | Reached ***** piety under Trog
   313 | D        | Reached XP level 6. HP: 62/62 MP: 6/6
   316 | D        | Noticed Crazy Yiuf
   326 | D        | Killed Crazy Yiuf
   497 | D        | Killed an unseen horror
   498 | D        | Reached skill level 10 in Fighting
   498 | D        | Your scales start taking on an icy white colour.
   498 | D        | Reached XP level 7. HP: 72/72 MP: 7/7
   498 | D        | Gained mutation: Your flesh is cold resistant. (rC+) [White
                  | Draconian growth]
   543 | D        | Noticed Sigmund
   545 | D        | Reached skill level 10 in Axes
   545 | D        | Paralysed by a floating eye for 2 turns
   554 | D        | Killed Sigmund
   555 | D        | Reached skill level 1 in Stealth
   558 | D        | Paralysed by a floating eye for 4 turns
   564 | D        | Received a gift from Trog
   604 | D        | Noticed a komodo dragon
   618 | D        | Killed a komodo dragon
   619 | D        | Reached XP level 8. HP: 65/82 MP: 8/8
   734 | D        | Found a radiant altar of Vehumet.
   734 | D        | Found a corrupted altar of Lugonu.
   761 | D        | Noticed a kobold demonologist
   768 | D        | Noticed a sixfirhy
   770 | D        | Noticed a sixfirhy
   773 | D        | Killed a kobold demonologist
  1048 | D        | Noticed a merfolk impaler
  1048 | D        | Noticed a merfolk
  1048 | D        | Noticed a wandering mushroom
  1048 | D        | Noticed a molten gargoyle
  1053 | D        | Noticed a merfolk
  1053 | D        | Noticed a merfolk
  1056 | D        | Killed a molten gargoyle
  1060 | D        | Killed a wandering mushroom
  1061 | D        | Reached skill level 10 in Dodging
  1061 | D        | Reached XP level 9. HP: 41/92 MP: 9/9
  1101 | D        | Killed a merfolk
  1118 | D        | HP: 4/139 [merfolk/+0 trident[a merfolk impaler] (8)]
  1119 | D        | Mangled by a merfolk impaler

Illustrated notes

Levels and vault maps discovered:
D:        pitsprint [storerooms_1, entrance_room_1, metal_vault_6, armoury_3,
          mini_pit_1, grid_room_1, main_hall_1, silver_pit, the_coven_1,
          the_vestibule_1, steel_vault_5, golden_pit, hallway_of_sentries,
          crystal_vault_4, iron_vault_4, final_vault]

Skill      XL: |  1  2  3  4  5  6  7  8  9 |
---------------+----------------------------+-----
Fighting       | 4 6 7 8 10 11 12 13 | 13.0
Dodging        | 3 5 6 8 9 10 | 10.2
Axes           | 4 6 8 9 11 13 | 13.8
Stealth        | 1 2 |  2.4

Action                   |  1- 3 |  4- 6 |  7- 9 || total
-------------------------+-------+-------+-------++-------
Melee: Hand axe          |    12 |    40 |    12 ||    64
       Tailslap          |     3 |     9 |     9 ||    21
       Punch             |       |     1 |     1 ||     2
       War axe           |       |       |    42 ||    42
Invok: Berserk           |     1 |     2 |     4 ||     7
       Brothers in Arms  |       |       |     1 ||     1
 Abil: Breathe Frost     |       |       |     4 ||     4
  Use: Potion            |       |     1 |     3 ||     4
       Scroll            |       |       |     2 ||     2
Armor: Skin              |     3 |    10 |    11 ||    24
Dodge: Dodged            |    11 |    27 |    46 ||    84

Table legend: (Time is in decaauts)
 A = Elapsed time spent in this place.
 B = Non-inter-level travel time spent in this place.
 C = Inter-level travel time spent in this place.
 D = Time resting spent in this place.
 E = Time spent auto-exploring this place.
 F = Levels seen in this place.
 G = Mean time per level.
                   A        B        C        D        E       F      G
               +--------+--------+--------+--------+--------+-----+--------+
         Total |   1140 |   1140 |      0 |    646 |     72 |   1 | 1140.0 |
       Dungeon |   1140 |   1140 |      0 |    646 |     72 |   1 | 1140.0 |
               +--------+--------+--------+--------+--------+-----+--------+

Top non-repeatable levels by time:
       D: 1140 daAuts
